 Dungeon Crawl Stone Soup version 0.24-a0-493-g7e4ddcd485 (webtiles) character file.

Game seed: 9261337031509544785

30230 Froggeryz the Severer (level 13, -3/177 HPs)
             Began as a Minotaur Fighter on July 9, 2019.
             Was the Champion of Okawaru.
             Slain by a 20-headed hydra (8 damage)
             ... on level 4 of the Lair of Beasts on July 12, 2019.
             The game lasted 00:33:27 (16861 turns).

Froggeryz the Severer (Minotaur Fighter)           Turns: 16861, Time: 00:33:27

Health: -3/177     AC: 26    Str: 20    XL:     13   Next: 19%
Magic:  12/12      EV:  2    Int:  6    God:    Okawaru [******]
Gold:   1055       SH: 18    Dex: 15    Spells: 12/12 levels left

rFire    . . .     SeeInvis +   a - +0 war axe
rCold    . . .     Gourm    .   c - +0 shield
rNeg     + + +     Faith    .   (armour currently unavailable)
rPois    +         Spirit   .   (helmet currently unavailable)
rElec    .         Reflect  +   (cloak currently unavailable)
rCorr    .         Harm     .   (gloves currently unavailable)
MR       .....     NoTele   +   (boots currently unavailable)
Stlth    +.........             u - +5 amulet of reflection
HPRegen  0.39/turn              x - ring of poison resistance
MPRegen  0.13/turn              v - ring of see invisible

@: tree-form
A: (retaliatory headbutt)
a: Heroism, Finesse, Renounce Religion


You were on level 4 of the Lair of Beasts.
You worshipped Okawaru.
Okawaru was exalted by your worship.
You were near starving.
You were a tree.
You visited 2 branches of the dungeon, and saw 14 of its levels.
You also visited: Ice Cave.

You collected 1055 gold pieces.

Inventory:

Hand Weapons
 a - a +0 war axe (weapon)
 d - the +2 broad axe "Tamnani" {drain, *Rage rPois Str-2 Dex+9}
   (You acquired it in an ice cave)

   A truly terrible weapon, it drains the life of those it strikes.
   It affects your strength (-2).
   It affects your dexterity (+9).
   It protects you from poison.
   It may make you go berserk in combat.
 C - a +0 demon blade
Armour
 c - a +0 shield (worn)
 l - a +0 pair of boots (melded)
 n - the +0 acid dragon scales of Mental Paralysis {*Drain rF+ MR+ rCorr}
   (Okawaru gifted it to you in an ice cave)

   It protects you from fire.
   It affects your resistance to hostile enchantments.
   It provides partial protection from all sources of acid and corrosion.
   It causes draining when unequipped.
 y - the +7 chain mail of the Jackalope (melded) {rF+ Dex+3 Slay+2}
   (You found it in an ice cave)

   It affects your dexterity (+3).
   It affects your accuracy and damage with ranged weapons and melee attacks
   (+2).
   It protects you from fire.
 E - a +0 hat of magic resistance (melded)
 H - a +2 cloak (melded)
 L - a +2 pair of gloves of dexterity (melded)
Jewellery
 u - a +5 amulet of reflection (around neck)
 v - a ring of see invisible (right branch)
 x - a ring of poison resistance (left branch)
Wands
 j - a wand of flame (5)
 o - a wand of polymorph (1)
Scrolls
 i - 2 scrolls of immolation
 k - 2 scrolls of amnesia
 p - 2 scrolls of remove curse
 s - 6 scrolls of teleportation
 t - 3 scrolls of vulnerability
 D - 2 scrolls of magic mapping
 M - a scroll of enchant armour
Potions
 e - 2 potions of cancellation
 h - a potion of invisibility
 q - 2 potions of curing
 r - 5 potions of agility
 w - 3 potions of flight
 z - a potion of berserk rage
 A - 2 potions of magic
 F - a potion of brilliance
 G - a potion of ambrosia {unknown}
Comestibles
 f - 20 rations


   Skills:
 - Level 12.0 Fighting
 * Level 19.4 Axes
 - Level 3.6 Armour
 + Level 12.6 Shields


You had 12 spell levels left.
You didn't know any spells.
Your spell library contained the following spells:

 Spells                   Type           Power        Failure   Level  Hunger
 Beastly Appendage        Tmut           #.....       54%         1    ##.....
 Magic Dart               Conj           #...         54%         1    ##.....
 Blink                    Tloc           N/A          69%         2    ###....
 Call Imp                 Summ           #.......     69%         2    ###....
 Corpse Rot               Necr           N/A          69%         2    ###....
 Slow                     Hex            #.......     69%         2    ###....
 Sticks to Snakes         Tmut           #.......     69%         2    ###....
 Sublimation of Blood     Necr           #.........   69%         2    ###....
 Conjure Flame            Conj/Fire      #.......     89%         3    ####...
 Mephitic Cloud           Conj/Pois/Air  #.......     89%         3    ####...
 Spider Form              Tmut/Pois      #.........   89%         3    ####...
 Ice Form                 Ice/Tmut       #.......     100%        4    #####..
 Agony                    Necr           #.......     100%        5    ######.
 Blade Hands              Tmut           #.........   100%        5    ######.
 Bolt of Draining         Conj/Necr      #.........   100%        5    ######.
 Dispel Undead            Necr           #.......     100%        5    ######.
 Excruciating Wounds      Chrm/Necr      #.........   100%        5    ######.


Dungeon Overview and Level Annotations

Branches:
Dungeon (10/15)            Temple (0/1) D:4            Lair (4/6) D:9
 Spider (0/4) Lair:2
  Swamp: Lair:2-4    Shoals: Lair:2-4       Orc: D:9-12

Altars:
Ashenzari
Fedhas
Hepliaklqana
Kikubaaqudgha
Makhleb
Nemelex Xobeh
Okawaru
Qazlal
Ru
Trog
Uskayaw
The Shining One

Annotations:
D:6 exclusion: oklob plant


Innate Abilities, Weirdness & Mutations

((You reflexively headbutt those who attack you in melee.))
((You have a pair of horns on your head.))


Message History

You slice one of the 19-headed hydra's heads off!
The 18-headed hydra grows two more!
You slash the 20-headed hydra! You slash the black mamba!
You block the black mamba's attack. You block the 20-headed hydra's attack.
The 20-headed hydra bites you.
* * * LOW HITPOINT WARNING * * *
You block the 20-headed hydra's attack.
The 20-headed hydra bites you but does no damage. x2
You block the 20-headed hydra's attack.
The 20-headed hydra bites you but does no damage.
The 20-headed hydra bites you.
* * * LOW HITPOINT WARNING * * *
The 20-headed hydra bites you!
* * * LOW HITPOINT WARNING * * *
The 20-headed hydra bites you!
* * * LOW HITPOINT WARNING * * *
The 20-headed hydra bites you!
* * * LOW HITPOINT WARNING * * *
The 20-headed hydra bites you but does no damage. x2
The 20-headed hydra bites you!
You die...

....... . ........
.. P.#.....# ...
...?....+ ....
###..PP...#.
.....#v...#......
......YDYS.#.....#
..... #♣†.......#
#.....###..#.....#.
........#P..#......
......#...†.P......
...................
...................
......##..P.#P#....
......#..#.#.####...
##.# ..#....#.##...#
..#


You could see a 20-headed hydra, a black mamba, 2 yaks and an insubstantial
wisp.

Vanquished Creatures
  A hydra (Lair:3)
  A catoblepas (Lair:4)
  4 two-headed ogres
  A necromancer (IceCv)
  13 elephants
  A black mamba (Lair:1)
  A torpor snail (Lair:2)
  4 ice statues (IceCv)
  7 spiny frogs
  6 komodo dragons
  8 ice devils (IceCv)
  A queen bee (Lair:3)
  Grinder (D:6)
  3 dream sheep (Lair:2)
  A polar bear (Lair:4)
  A blink frog (Lair:3)
  Prince Ribbit (D:6)
  6 hippogriffs
  2 wyverns
  6 yaks
  3 basilisks
  A golden eye (D:9)
  Grum (Lair:1)
  A steam dragon (Lair:3)
  Edmund (D:6)
  An insubstantial wisp (Lair:4)
  10 water moccasins
  5 porcupines
  A sky beast (D:8)
  An ice beast (D:9)
  2 phantoms
  6 ogres
  2 centaurs
  15 wolves
  5 crocodiles
  9 bullfrogs
  4 big kobolds
  A wyvern skeleton (D:7)
  9 scorpions
  35 killer bees
  2 howler monkeys
  4 crimson imps
  2 bullfrog zombies (D:9)
  2 jellies
  2 draconian simulacra (IceCv)
  A bullfrog skeleton (D:9)
  5 hounds
  Crazy Yiuf (D:6)
  7 orc priests
  A gnoll shaman (D:7)
  Jessica (D:2)
  4 iguanas
  9 orc wizards
  A hell rat (Lair:3)
  9 worker ants
  A spriggan simulacrum (IceCv)
  4 troll simulacra (IceCv)
  A centaur simulacrum (IceCv)
  2 hound zombies (D:6)
  A hound skeleton (D:8)
  2 worker ant zombies
  17 gnolls
  13 adders
  A naga simulacrum (IceCv)
  An ogre simulacrum (IceCv)
  A river rat (Lair:3)
  A shadow imp (D:9)
  12 white imps (Lair:4)
  An ooze (D:1)
  2 adder skeletons
  3 worms
  2 dart slugs (D:2)
  11 leopard geckos
  25 orcs
  6 giant cockroaches
  9 goblins
  10 hobgoblins
  4 jackals (D:6)
  45 kobolds
  5 quokkas
  A ball python (D:1)
  7 bats
  11 frilled lizards
  A quokka zombie (D:6)
  5 rats
  3 fungi
441 creatures vanquished.

Vanquished Creatures (others)
  3 centaurs (D:9)
  3 fungi (Lair:3)
  7 plants
13 creatures vanquished.

Grand Total: 454 creatures vanquished

Notes
Turn   | Place    | Note
-------+----------+-------------------------------------------
     0 | D:1      | Froggeryz the Minotaur Fighter began the quest for the Orb.
     0 | D:1      | Reached XP level 1. HP: 19/19 MP: 0/0
   100 | D:1      | Reached skill level 3 in Axes
   100 | D:1      | Reached XP level 2. HP: 21/27 MP: 1/1
   369 | D:1      | Reached XP level 3. HP: 33/33 MP: 2/2
   557 | D:1      | Reached skill level 4 in Axes
   931 | D:2      | Noticed Jessica
   946 | D:2      | Killed Jessica
   946 | D:2      | Reached XP level 4. HP: 29/41 MP: 3/3
  1003 | D:2      | Reached skill level 5 in Axes
  1331 | D:2      | Found a sparkling altar of Nemelex Xobeh.
  1425 | D:2      | Found a faded altar of an unknown god.
  1427 | D:2      | Became a worshipper of Warmaster Okawaru
  1427 | D:2      | Reached * piety under Okawaru
  1467 | D:3      | Reached XP level 5. HP: 47/47 MP: 4/4
  1476 | D:3      | Reached skill level 5 in Fighting
  1757 | D:3      | Reached skill level 6 in Axes
  1813 | D:3      | Reached ** piety under Okawaru
  1813 | D:3      | Reached XP level 6. HP: 52/56 MP: 5/5
  2076 | D:3      | Reached skill level 7 in Axes
  2518 | D:4      | Found a hide-covered altar of Uskayaw.
  2518 | D:4      | Noticed a +0 dagger
  2520 | D:4      | Noticed a +0 hand axe
  2556 | D:4      | Reached XP level 7. HP: 63/63 MP: 6/6
  2557 | D:4      | Reached skill level 8 in Axes
  2602 | D:4      | Found a staircase to the Ecumenical Temple.
  2945 | D:4      | Reached *** piety under Okawaru
  2945 | D:4      | Reached skill level 9 in Axes
  2999 | D:4      | Reached XP level 8. HP: 49/73 MP: 7/7
  3546 | D:5      | Entered Level 5 of the Dungeon
  3568 | D:5      | Reached skill level 10 in Axes
  3652 | D:5      | Found a sacrificial altar of Ru.
  3747 | D:5      | Found a sparkling altar of Nemelex Xobeh.
  4691 | D:6      | Reached **** piety under Okawaru
  4694 | D:6      | Reached skill level 11 in Axes
  4699 | D:6      | Found a shattered altar of Ashenzari.
  4818 | D:6      | Noticed Edmund
  4828 | D:6      | Killed Edmund
  4918 | D:6      | Found a hazy altar of Hepliaklqana.
  4967 | D:6      | Found a stormy altar of Qazlal.
  4967 | D:6      | Found a burning altar of Makhleb.
  5041 | D:6      | Found a sacrificial altar of Ru.
  5041 | D:6      | Noticed an oklob plant
  5309 | D:6      | Reached XP level 9. HP: 74/82 MP: 8/8
  5312 | D:6      | Noticed Prince Ribbit
  5442 | D:6      | Killed Prince Ribbit
  5562 | D:6      | Found a runed translucent door.
  5563 | D:6      | Noticed Crazy Yiuf
  5569 | D:6      | Killed Crazy Yiuf
  5645 | D:6      | Noticed Grinder
  5672 | D:6      | Killed Grinder
  5672 | D:6      | Reached skill level 12 in Axes
  6092 | D:7      | Found a bloodstained altar of Trog.
  6570 | D:8      | Noticed a two-headed ogre
  6577 | D:8      | Killed a two-headed ogre
  6577 | D:8      | Reached ***** piety under Okawaru
  6577 | D:8      | Reached skill level 10 in Fighting
  6577 | D:8      | Reached skill level 13 in Axes
  6577 | D:8      | Reached skill level 5 in Shields
  6880 | D:8      | Found a glowing golden altar of the Shining One.
  6942 | D:8      | Reached XP level 10. HP: 74/93 MP: 9/9
  7188 | D:9      | Noticed an elephant
  7189 | D:9      | Found a staircase to the Lair.
  7207 | D:9      | Noticed a two-headed ogre
  7396 | D:9      | Noticed a two-headed ogre
  7801 | D:8      | Killed a two-headed ogre
  8109 | D:9      | Received a gift from Okawaru
  8109 | D:9      | Reached skill level 14 in Axes
  8217 | D:9      | Killed an elephant
  8688 | D:9      | Found an ancient bone altar of Kikubaaqudgha.
  8698 | D:9      | Noticed a two-headed ogre
  8724 | D:9      | Killed a two-headed ogre
  8921 | D:9      | Noticed Maurice
  8941 | D:9      | Noticed Maurice
  8941 | D:9      | Maurice changed into Maurice the golden eye
  9160 | D:9      | Reached XP level 11. HP: 90/102 MP: 10/10
  9341 | D:9      | Found a blossoming altar of Fedhas.
  9385 | D:9      | Reached skill level 15 in Axes
  9474 | D:9      | Killed Maurice the golden eye
  9562 | D:9      | Noticed a two-headed ogre
  9573 | D:9      | Killed a two-headed ogre
  9729 | D:10     | Entered Level 10 of the Dungeon
  9759 | D:10     | Noticed a two-headed ogre
  9779 | Lair:1   | Entered Level 1 of the Lair of Beasts
 10033 | Lair:1   | Got a transparent marble ring
 10036 | Lair:1   | Noticed Grum
 10062 | Lair:1   | Killed Grum
 10748 | Lair:1   | Reached ****** piety under Okawaru
 10996 | Lair:2   | Reached skill level 16 in Axes
 11252 | Lair:2   | Received a gift from Okawaru
 11265 | Lair:2   | Found a hole to the Spider Nest.
 11889 | Lair:3   | Reached skill level 10 in Shields
 11944 | Lair:3   | Reached XP level 12. HP: 75/112 MP: 11/11
 11957 | Lair:3   | Reached skill level 17 in Axes
 11961 | Lair:3   | Received a gift from Okawaru
 11976 | Lair:3   | Identified the ring "Loohinal" {*Tele *Corrode +Inv MR+}
                  | (You found it on level 1 of the Lair of Beasts)
 12407 | Lair:3   | Noticed an eight-headed hydra
 12414 | Lair:3   | Killed an eight-headed hydra
 12712 | Lair:3   | Reached skill level 18 in Axes
 13537 | Lair:4   | Found a frozen archway.
 13566 | IceCv    | Entered an ice cave
 13775 | IceCv    | Identified a scroll of acquirement
 13776 | IceCv    | Got a transparent broad axe
 13777 | IceCv    | Identified the +2 broad axe "Tamnani" {drain, *Rage rPois
                  | Str-2 Dex+9} (You acquired it in an ice cave)
 13809 | IceCv    | Received a gift from Okawaru
 13829 | IceCv    | Got ichor-stained acid dragon scales {god gift}
 13831 | IceCv    | Identified the +0 acid dragon scales of Mental Paralysis
                  | {*Drain rF+ MR+ rCorr} (Okawaru gifted it to you in an ice
                  | cave)
 14934 | IceCv    | Reached skill level 19 in Axes
 14960 | IceCv    | Reached XP level 13. HP: 96/118 MP: 12/12
 16459 | IceCv    | Got an ichor-stained chain mail
 16478 | IceCv    | Identified the +7 chain mail of the Jackalope {rF+ Dex+3
                  | Slay+2} (You found it in an ice cave)
 16718 | Lair:3   | Upgraded the game from 0.24-a0-484-g962a3eeff7 to
                  | 0.24-a0-493-g7e4ddcd485
 16861 | Lair:4   | HP: 5/177 [20-headed hydra (9)]
 16861 | Lair:4   | Slain by a 20-headed hydra

Levels and vault maps discovered:
D:1:      dpeg_arrival_chase, layout_loops_corners
D:2:      layout_rooms, nicolae_overflow_crystal_walls,
          chequers_ecumenical_altar_twisty, first_ration, serial_bayou_pond_d,
          uniq_jessica
D:3:      layout_loops_ring, nrook_campfire
D:4:      minmay_goblin_kobold_castle, layout_basic, dancing_weapons_uskayaw,
          minmay_temple_entry_glass
D:5:      layout_layer_cave, old_standard_altar, basic_altar
D:6:      layout_loops_ring, lemuel_doored_altar, cheibrodos_ashenzari_chains,
          gammafunk_temple_overflow_pools, hangedman_abyss_or_decor_passed,
          lemuel_oklob_altar, uniq_grinder, uniq_prince_ribbit1,
          uniq_crazy_yiuf_cottage, uniq_edmund
D:7:      layout_loops_corners, trog_three_pillars_becter
D:8:      layout_basic, kennysheep_little_box, serial_curves, eino_curves_03,
          eino_curves_01
D:9:      cheibrodos_elevator_heist, layout_stronghold, fedhas_altar_4,
          old_standard_altar, david_lair_generic, grunt_ogre_cave, uniq_maurice
D:10:     layout_loops_corners, orc_0_dummy, uniq_sonja, uniq_snorg
Lair:1:   layout_chaotic_city, grunt_megastairs_1, uniq_grum
Lair:2:   layout_gridlike, nicolae_spider_entry_non_spiders, minivault_25
Lair:3:   regret_index_wax_grids, layout_loops_ring, serial_bayou_shore_a,
          grunt_megastairs_5
Lair:4:   layout_regular_city, minmay_swamp_entry_wisps,
          portal_ice_cave_entry_imps, beast_lair_carwin_10

Skill      XL: |  1  2  3  4  5  6  7  8  9 10 11 12 |
---------------+-------------------------------------+-----
Axes           | 3 4 5 6 7 9 11 13 14 16 19 | 19.4
Fighting       | 4 5 6 7 8 10 11 12 | 12.0
Shields        | 5 7 10 12 | 12.6
Armour         | |  3.6

Action                   |  1- 3 |  4- 6 |  7- 9 | 10-12 | 13-15 || total
-------------------------+-------+-------+-------+-------+-------++-------
Melee: War axe           |    68 |   124 |   353 |   883 |   117 ||  1545
       Headbutt          |    12 |    19 |    68 |   217 |    36 ||   352
Throw: Throwing net      |       |       |       |     1 |       ||     1
Evoke: Wand              |       |       |     9 |     7 |    12 ||    28
  Use: Potion            |       |     1 |     1 |     1 |     3 ||     6
       Scroll            |       |       |     8 |    21 |     1 ||    30
 Stab: Paralysed         |       |       |    10 |       |       ||    10
       Distracted        |       |       |       |     1 |       ||     1
  Eat: Chunk             |       |     4 |    12 |    17 |       ||    33
       Ration            |       |       |     1 |     3 |     1 ||     5
Armor: Scale mail        |    38 |    32 |    90 |   229 |     7 ||   396
       Skin              |       |       |       |       |   133 ||   133
       Chain mail        |       |       |       |       |    18 ||    18
Dodge: Dodged            |    14 |    28 |    61 |   161 |    26 ||   290
Block: Shield            |    26 |    95 |   232 |   577 |   107 ||  1037
       Reflection        |       |     2 |    18 |    13 |     2 ||    35

Table legend:
 A = Non-vault XP
 B = Vault XP
 C = Vault XP percentage of total XP
 D = Non-vault monster count
 E = Vault monster count
 F = Vault count percentage of total count
                 A         B        C        D         E       F
            +---------+---------+-------+---------+---------+-------
      Total |   24696 |   18490 |  42.8 |     286 |     155 |  35.1
            +---------+---------+-------+---------+---------+-------
        D:1 |      59 |       0 |   0.0 |      22 |       0 |   0.0
        D:2 |      81 |      37 |  31.4 |      25 |       1 |   3.8
        D:3 |     384 |       0 |   0.0 |      35 |       0 |   0.0
        D:4 |     731 |     396 |  35.1 |      17 |      42 |  71.2
        D:5 |     339 |       0 |   0.0 |      18 |       0 |   0.0
        D:6 |     627 |     768 |  55.1 |      17 |       4 |  19.0
        D:7 |     335 |       0 |   0.0 |      16 |       0 |   0.0
        D:8 |    3216 |     378 |  10.5 |      31 |       1 |   3.1
        D:9 |    3391 |    2078 |  38.0 |      46 |       6 |  11.5
     Lair:1 |    3243 |     653 |  16.8 |      13 |       5 |  27.8
     Lair:2 |    2618 |     322 |  11.0 |      11 |       8 |  42.1
     Lair:3 |    7043 |    8392 |  54.4 |      25 |      52 |  67.5
     Lair:4 |    2629 |     280 |   9.6 |      10 |      13 |  56.5
      IceCv |       0 |    5186 | 100.0 |       0 |      23 | 100.0
            +---------+---------+-------+---------+---------+-------
